 Dungeon Crawl Stone Soup version 0.31-a0-833-gc15d34cb79 (webtiles) character file.

Game seed: 11232665800486424742

261322 rjrrt the Executioner (level 19, -12/267 HPs)
             Began as a Minotaur Berserker on Sept 26, 2023.
             Was the Champion of Trog.
             Mangled by Zenata
             ... wielding a +4 executioner's axe
              (22 damage)
             ... on level 3 of the Vaults.
             The game lasted 01:22:19 (36167 turns).

rjrrt the Executioner (Minotaur Berserker)         Turns: 36167, Time: 01:22:20

Health: -12/267    AC: 31    Str: 35    XL:     19   Next: 57%
Magic:  27/27      EV: 13    Int:  7    God:    Trog [******]
Gold:   997        SH: 23    Dex: 10    Spells: 18/18 levels left

rFire   + . .        a - +7 broad axe (heavy)
rCold   + . .        L - +0 tower shield
rNeg    . . .        N - +1 plate armour {rF+}
rPois   .            (helmet restricted)
rElec   .            D - +2 cloak
rCorr   .            q - +2 pair of gloves
SInv    .            E - +2 pair of boots
Will    +++..        J - amulet of Vanity {Reflect Fly Int+3 SH+5} Stlth
                     P - ring of protection from cold
HPRegen 0.64/turn    r - ring of Mycru {Will++ MP+9 Str+5}
MPRegen 0.20/turn

%: reflection
@: berserking, lethally poisoned (-12 -> -21), flying, very quick
A: horns 2, retaliatory headbutt
}: 1/15 runes: serpentine
a: Renounce Religion, Berserk, Trog's Hand, Brothers in Arms


You were on level 3 of the Vaults.
You worshipped Trog.
Trog was exalted by your worship.
You visited 5 branches of the dungeon, and saw 29 of its levels.
You visited the Abyss 1 time.
You also visited: Ossuary and Bailey.

You collected 2780 gold pieces.
You spent 1783 gold pieces at shops.

Inventory:

Hand Weapons
 a - a +7 heavy broad axe (weapon)
 b - a +3 trident of freezing
 m - a +2 antimagic war axe
 s - the +11 trident of the Butterfly {drain, rElec rC+ rCorr Str+2}
   (You took it off a naga on level 1 of the Snake Pit)

   Str+2:     It affects your strength (+2).
   rC+:       It protects you from cold.
   rElec:     It insulates you from electricity.
   rCorr:     It protects you from acid and corrosion.
 W - a +5 heavy broad axe
Missiles
 i - 2 silver javelins
 n - 6 javelins
 G - 38 boomerangs (quivered)
 K - 2 throwing nets
Armour
 q - a +2 pair of gloves (worn)
 D - a +2 cloak (worn)
 E - a +2 pair of boots (worn)
 F - a +2 chain mail of poison resistance
 L - a +0 tower shield (worn)
 N - a +1 plate armour of fire resistance (worn)
Jewellery
 c - a ring of resist corrosion
 r - the ring of Mycru (right hand) {Will++ MP+9 Str+5}
   (You acquired it in a bailey)

   [ring of magical power]

   Str+5:     It affects your strength (+5).
   Will++:    It greatly increases your willpower.
   MP+9:      It affects your magic capacity (+9).
 H - the macabre finger necklace {Finger+ rN+}
   (You found it on level 1 of the Lair of Beasts)

   [amulet of nothing]

   Finger+:   It enables you to equip an extra ring.
   rN+:       It protects you from negative energy.
 J - the amulet of Vanity (around neck) {Reflect Fly Int+3 SH+5}
   (You bought it in a shop on level 10 of the Dungeon)

   [amulet of reflection]

   Reflect:   It reflects blocked missile attacks.
   Int+3:     It affects your intelligence (+3).
   Fly:       It grants you flight.
   SH+5:      It affects your SH (+5).
 P - a ring of protection from cold (left hand)
 T - the ring "Hylabamn" {rElec rN++ Will- Str-5 Int+2 Dex+6}
   (You found it on level 14 of the Dungeon)

   [ring of dexterity]

   Str-5:     It affects your strength (-5).
   Int+2:     It affects your intelligence (+2).
   Dex+6:     It affects your dexterity (+6).
   rElec:     It insulates you from electricity.
   rN++:      It greatly protects you from negative energy.
   Will-:     It decreases your willpower.
 V - a ring of positive energy
Wands
 d - a wand of roots (19)
 v - a wand of polymorph (4)
 y - a wand of digging (5)
 O - a wand of flame (16)
 Q - a wand of mindburst (6)
 S - a wand of charming (11)
Scrolls
 j - 5 scrolls of blinking
 k - 10 scrolls of teleportation
 l - 2 scrolls of fear
 o - 2 scrolls of enchant armour
 t - 6 scrolls of fog
 U - a scroll of summoning
Potions
 e - 5 potions of attraction
 f - 2 potions of invisibility
 g - 9 potions of lignification
 h - 13 potions of curing
 p - 7 potions of enlightenment
 u - 5 potions of might
 w - 4 potions of heal wounds
 x - 7 potions of ambrosia
 A - 3 potions of berserk rage
 B - 6 potions of haste
 C - 3 potions of mutation
 I - 3 potions of resistance


   Skills:
 + Level 17.6 Fighting
 + Level 23.9 Axes
 - Level 4.0 Throwing
 + Level 19.7 Armour
 + Level 16.4 Dodging
 * Level 17.1 Shields
 - Level 6.0 Evocations


You had 18 spell levels left.
You didn't know any spells.
Your spell library was empty.

Dungeon Overview and Level Annotations

Branches:
Dungeon (15/15)            Temple (0/1) D:6            Lair (5/5) D:8
 Shoals (0/4) Lair:3        Snake (4/4) Lair:3          Orc (2/2) D:9
    Elf (0/3) Orc:2        Vaults (3/5) D:14          Crypt (0/3) Vaults:2
 Depths (0/4) D:15        Ossuary (visited)          Bailey (visited)
  Slime: Lair:4-5

Altars:
Ashenzari
Gozag
Hepliaklqana
Kikubaaqudgha
Makhleb
Qazlal
Trog
Yredelemnul
Jiyva

Shops:
D:2 :((!   D:10 [(=   D:11 *   D:12 (   D:15 [   Orc:2 ([*:   Snake:2 (=
Vaults:2 (

Portals:
Trove: D:10 (give horn of Geryon)

Annotations:
Lair:5 exclusion: oklob plant
Vaults:3 Zenata


Innate Abilities, Weirdness & Mutations

You have a pair of horns on your head.
You reflexively headbutt those who attack you in melee.


Message History

You block the +3 flail of protection's attack.
The +4 short sword of venom closely misses you.
You furiously retaliate!
You headbutt the +4 short sword of venom!
The +2 heavy glaive barely misses you. Zenata gestures at you while chanting.
A blast of power from the earth and the adjacent constructs strikes you!
* * * LOW HITPOINT WARNING * * *
You completely miss Zenata. Your headbutt misses Zenata.
Zenata is severely wounded.
You slice the +3 flail of protection!!
You destroy the +3 flail of protection!
The +3 flail of protection disappears in a puff of smoke!
You barely miss the +4 short sword of venom.
You barely miss the +2 heavy glaive.
You feel sick. The +4 short sword of venom hits you.
* * * LOW HITPOINT WARNING * * *
The +4 short sword of venom hits you.
* * * LOW HITPOINT WARNING * * *
You are more poisoned.
You block the +2 heavy glaive's attack.
Unknown command.
You hit Zenata.
Zenata is severely wounded.
You closely miss the +4 short sword of venom.
You hit the +2 heavy glaive but do no damage.
You miss the +1 war axe of electrocution.
* * * LOW HITPOINT WARNING * * *
You feel sick.
You block the +4 short sword of venom's attack.
You block the +1 war axe of electrocution's attack.
The +4 short sword of venom closely misses you.
You furiously retaliate!
You headbutt the +4 short sword of venom!!
You destroy the +4 short sword of venom!
The +4 short sword of venom disappears in a puff of smoke!
You block the +1 war axe of electrocution's attack.
Zenata hits you with a +4 executioner's axe!!
You die...
Zenata says, "Let's see what's inside you."

#.'.p.#.##....'#..##'##...
####[..####...##).##...##
#..'###'..#[[##)..#[....#
#...#.'...####....##...##
#...###...#........##'##...
##### #####.)..............
#########)##......##'##.
#......#())##....## ..#
#.....(@a§..##..## ..#
#......#(§)..#..# ...
#...<..#....[#..# .)
#......###)####'# ##
#......# #......# ########
#......# #......# #......#
#......#


You could see Zenata and 3 dancing weapons.

Vanquished Creatures
  A tentacled monstrosity (Vaults:2)
  The ghost of SirDiesAlot the Gelid, an adept OpIE of Sif Muna (Vaults:2)
  A titan (Vaults:2)
  A tentacled starspawn (Abyss:1)
  3 sphinxes
  A tengu reaver (Vaults:2)
  Aizul (Vaults:1)
  5 nagarajas (Snake:4)
  3 vault wardens (Vaults:2)
  An orc warlord (Bailey)
  9 ironbound preservers
  A war gargoyle (Vaults:3)
  A very ugly thing (D:15)
  4 ironbound thunderhulks
  A vampire knight (Vaults:2)
  An ettin (D:14)
  A deep elf death mage (Vaults:2)
  2 fire dragons (D:14)
  Snorg (Lair:4)
  4 yaktaur captains
  Harold (D:11)
  Fannar (D:11)
  4 hydras
  3 great orbs of eyes
  A salamander tyrant (Snake:3)
  A rakshasa (D:15)
  4 vault guards
  A catoblepas (Lair:5)
  3 ironbound frosthearts
  9 centaur warriors
  7 boulder beetles
  An ogre mage (D:11)
  6 two-headed ogres
  7 anacondas
  2 tengu warriors (D:13)
  A deep troll shaman (Lair:5)
  A vampire mage (Vaults:2)
  3 hell hogs (Abyss:1)
  11 death yaks (Lair:5)
  14 naga warriors
  9 shock serpents
  An orc high priest (Orc:2)
  8 naga sharpshooters
  3 skysharks
  Sonja (Lair:2)
  2 salamander mystics
  10 deep trolls
  18 sea snakes
  19 slime creatures
  19 lindwurms
  3 naga ritualists
  7 orc knights
  2 glowing orange brains
  3 large abominations (Abyss:1)
  A swamp dragon (D:15)
  A phantasmal warrior (D:14)
  2 wizards
  Pikel (D:5)
  7 ironbound convokers
  4 deep elf pyromancers
  4 necromancers
  8 harpies
  A mana viper (shapeshifter) (D:15)
  12 mana vipers
  An oklob plant (D:11)
  A manticore (D:13)
  4 orc sorcerers (Orc:2)
  6 cyclopes
  10 ugly things
  12 salamanders
  A worldbinder (Abyss:1)
  9 guardian serpents (Snake:4)
  9 vault sentinels
  A smoke demon (Lair:2)
  7 elephants
  26 black mambas
  8 cane toads
  13 naga magi
  3 unseen horrors
  3 gargoyles
  3 rime drakes (Lair:2)
  9 komodo dragons
  An efreet (D:14)
  4 kobold demonologists
  13 yaktaurs
  A tormentor (Abyss:1)
  An ancient zyme (Abyss:1)
  A queen bee (D:11)
  6 trolls
  A hornet (D:11)
  11 polar bears
  A tarantella (shapeshifter) (D:11)
  Prince Ribbit (D:7)
  9 dream sheep
  18 blink frogs
  A dream sheep (shapeshifter) (Vaults:3)
  2 water elementals (D:14)
  A vampire (D:9)
  2 shadows
  5 wyverns
  16 humans (D:14)
  4 wraiths
  59 yaks
  3 starcursed masses (Abyss:1)
  4 steam dragons
  9 vampire mosquitoes
  4 basilisks
  29 nagas
  2 acid dragons
  14 water moccasins
  Menkaure (D:5)
  5 wargs
  2 ice beasts
  2 sky beasts (D:6)
  A meliai simulacrum (D:11)
  34 orc warriors
  16 black bears
  28 wolves
  7 ogres
  7 centaurs
  2 lemures (D:5)
  A phantom (D:7)
  12 bullfrogs
  7 kobold brigands
  A gnoll sergeant (D:12)
  8 scorpions
  3 small abominations (Abyss:1)
  16 wights
  33 killer bees (D:11)
  15 electric eels
  14 howler monkeys
  8 lava snakes
  A quasit (Abyss:1)
  2 hounds
  Crazy Yiuf (D:2)
  3 jellies
  14 orc priests
  2 gnoll boudas
  Jessica (D:2)
  3 iguanas
  A sleepcap (D:6)
  Ijyb (D:3)
  Terence (D:2)
  30 orc wizards
  3 mummies (Ossuary)
  19 gnolls
  3 adders
  A shadow imp (D:7)
  2 ufetubi
  3 dart slugs
  56 orcs
  A bat (D:2)
  9 endoplasms
  5 giant cockroaches
  17 goblins
  7 hobgoblins
  6 jackals
  3 quokkas
  6 ball pythons
  4 frilled lizards
  A gnoll zombie (Ossuary)
  3 goblin zombies (Ossuary)
  A hobgoblin zombie (Ossuary)
  35 kobolds
  3 kobold zombies (Ossuary)
  5 rats
  2 starspawn tentacles (Abyss:1)
1097 creatures vanquished.

Vanquished Creatures (collateral kills)
  Saint Roka (Orc:2)
  3 oklob plants (D:11)
  3 orc warriors (Orc:2)
  An orc priest (Orc:2)
  2 orcs (Orc:2)
10 creatures vanquished.

Vanquished Creatures (others)
  A wizard (D:14)
  A manticore (D:14)
  A water elemental (D:14)
  An orc wizard (D:9)
  An orc (D:9)
  2 starspawn tentacles (Abyss:1)
7 creatures vanquished.

Grand Total: 1114 creatures vanquished

Notes
Turn   | Place    | Note
-------+----------+-------------------------------------------
     0 | D:1      | rjrrt the Minotaur Berserker began the quest for the Orb.
     0 | D:1      | Reached XP level 1. HP: 19/19 MP: 0/0
    61 | D:1      | Found a faded altar of an unknown god.
    93 | D:1      | Reached skill level 4 in Axes
   264 | D:1      | Reached XP level 2. HP: 6/26 MP: 1/1
   408 | D:1      | Reached skill level 5 in Axes
   489 | D:1      | Reached XP level 3. HP: 31/31 MP: 2/2
  1363 | D:2      | Found Ypecaps's Book Shoppe.
  1373 | D:2      | Reached ** piety under Trog
  1385 | D:2      | Noticed Jessica
  1388 | D:2      | Killed Jessica
  1389 | D:2      | Reached skill level 6 in Axes
  1389 | D:2      | Reached XP level 4. HP: 35/39 MP: 3/3
  1463 | D:2      | Found an ancient bone altar of Kikubaaqudgha.
  1497 | D:2      | Found Oseaqet's Weapon Boutique.
  1636 | D:2      | Found a runed translucent door.
  1637 | D:2      | Noticed Crazy Yiuf
  1646 | D:2      | Killed Crazy Yiuf
  1831 | D:2      | Found Zehehil's Distillery.
  1835 | D:2      | Bought a potion of curing for 39 gold pieces
  1835 | D:2      | Bought a potion of degeneration for 13 gold pieces
  1947 | D:2      | Noticed Terence
  1959 | D:2      | Found Otyukydo's Weapon Boutique.
  1962 | D:2      | Killed Terence
  1963 | D:2      | Reached skill level 7 in Axes
  1963 | D:2      | Reached XP level 5. HP: 45/45 MP: 4/4
  2275 | D:3      | Noticed Ijyb
  2284 | D:3      | Killed Ijyb
  2759 | D:4      | Noticed an ogre
  2767 | D:4      | Killed an ogre
  2768 | D:4      | Reached skill level 8 in Axes
  2768 | D:4      | Reached XP level 6. HP: 50/51 MP: 5/5
  2945 | D:4      | Found a sand-covered staircase.
  3006 | Ossuary  | Entered an ossuary
  3006 | Ossuary  | Noticed a wraith
  3006 | Ossuary  | Noticed a wraith
  3006 | Ossuary  | Noticed a wraith
  3333 | Ossuary  | Noticed a wraith
  3343 | Ossuary  | Killed a wraith
  3344 | Ossuary  | Reached skill level 9 in Axes
  4054 | D:5      | Entered Level 5 of the Dungeon
  4111 | D:5      | Noticed a water moccasin
  4122 | D:5      | Killed a water moccasin
  4123 | D:5      | Reached XP level 7. HP: 52/58 MP: 6/6
  4143 | D:5      | Reached *** piety under Trog
  4220 | D:5      | Reached skill level 10 in Axes
  4253 | D:5      | Noticed Menkaure
  4270 | D:5      | Killed Menkaure
  4399 | D:5      | Noticed Pikel
  4430 | D:5      | Killed Pikel
  4431 | D:5      | Reached skill level 5 in Fighting
  4431 | D:5      | Reached skill level 11 in Axes
  4431 | D:5      | Reached XP level 8. HP: 68/68 MP: 7/7
  4775 | D:5      | Noticed an air elemental
  4782 | D:5      | Found a stormy altar of Qazlal.
  4851 | D:6      | Reached skill level 5 in Armour
  5024 | D:6      | Reached XP level 9. HP: 52/75 MP: 8/8
  5027 | D:6      | Noticed a two-headed ogre
  5171 | D:6      | Reached skill level 5 in Dodging
  5185 | D:6      | Reached skill level 12 in Axes
  5358 | D:6      | Killed a two-headed ogre
  5424 | D:6      | Killed an unseen horror
  5691 | D:6      | Reached skill level 13 in Axes
  5719 | D:6      | Noticed a kobold demonologist
  5734 | D:6      | Killed a kobold demonologist
  5735 | D:6      | Noticed a kobold demonologist
  5741 | D:6      | Reached XP level 10. HP: 79/86 MP: 9/9
  5824 | D:6      | Found a staircase to the Ecumenical Temple.
  6278 | D:7      | Reached **** piety under Trog
  6395 | D:7      | Found a flagged portal.
  6458 | Bailey   | Entered a bailey
  6478 | Bailey   | Noticed an orc warlord
  6573 | Bailey   | Reached skill level 14 in Axes
  6624 | Bailey   | Found a runed translucent gate.
  6624 | Bailey   | Found a runed translucent gate.
  6645 | Bailey   | Found a runed translucent gate.
  6804 | Bailey   | Killed an orc warlord
  6896 | Bailey   | Acquired the ring of Mycru {Will++ MP+9 Str+5}
  6976 | D:7      | Noticed Prince Ribbit
  6980 | D:7      | Killed Prince Ribbit
  7539 | D:8      | Reached XP level 11. HP: 97/97 MP: 10/10
  7627 | D:8      | Reached skill level 15 in Axes
  7903 | D:8      | Found a staircase to the Lair.
  7967 | D:8      | Noticed a two-headed ogre
  7976 | D:8      | Killed a two-headed ogre
  8249 | D:8      | Acquired a manual of Armour
  8318 | D:8      | Found a hazy altar of Hepliaklqana.
  8623 | D:9      | Reached ***** piety under Trog
  8631 | D:9      | Noticed a two-headed ogre
  8639 | D:9      | Killed a two-headed ogre
  8804 | D:9      | Noticed a four-headed hydra
  8856 | D:9      | Identified the +6 long sword of Disembowelment {venom,
                  | rCorr Int+5}
  9079 | D:9      | Reached skill level 10 in Fighting
  9083 | D:9      | Found a broken altar of Ashenzari.
  9120 | D:9      | Reached skill level 10 in Armour
  9206 | D:9      | Found a staircase to the Orcish Mines.
  9292 | D:9      | You fall into a shaft and drop 1 floor!
  9292 | D:10     | Entered Level 10 of the Dungeon
  9324 | D:10     | Found Ebyotapi's Weapon Shop.
  9371 | D:10     | Reached skill level 16 in Axes
  9664 | D:9      | Killed a four-headed hydra
  9852 | Lair:1   | Entered Level 1 of the Lair of Beasts
  9864 | Lair:1   | Reached XP level 12. HP: 107/107 MP: 11/11
 10032 | Lair:1   | Received a gift from Trog
 10321 | Lair:1   | Reached skill level 17 in Axes
 10440 | Lair:1   | Reached skill level 1 in Throwing
 10440 | Lair:1   | Reached skill level 10 in Dodging
 10442 | Lair:1   | Reached skill level 1 in Evocations
 10602 | Lair:1   | Found the macabre finger necklace {Finger+ rN+}
 11434 | Lair:2   | Reached XP level 13. HP: 110/116 MP: 12/12
 11566 | Lair:2   | Identified the +1 sling of Light {drain, rN+}
 11618 | Lair:2   | Noticed Sonja
 11629 | Abyss:1  | Found a corrupted altar of Lugonu.
 11629 | Abyss:1  | Cast into level 1 of the Abyss (Sonja)
 11701 | Abyss:1  | Noticed a starcursed mass
 11741 | Abyss:1  | Received a gift from Trog
 11811 | Abyss:1  | Noticed a tentacled starspawn
 11819 | Abyss:1  | Killed a tentacled starspawn
 11935 | Abyss:1  | Reached skill level 18 in Axes
 11941 | Lair:2   | Escaped the Abyss
 11956 | Lair:2   | Killed Sonja
 12514 | Lair:3   | Found a staircase to the Shoals.
 13034 | Lair:3   | Found a staircase to the Snake Pit.
 13406 | Lair:4   | Found the +1 robe of Vines {NoPotionHeal Regen++++}
 13497 | Lair:4   | Noticed Snorg
 13566 | Lair:4   | Killed Snorg
 13892 | Lair:4   | Received a gift from Trog
 14449 | Lair:5   | Entered Level 5 of the Lair of Beasts
 14463 | Lair:5   | Reached XP level 14. HP: 127/127 MP: 13/13
 14531 | Lair:5   | Reached skill level 15 in Armour
 15135 | Lair:5   | Found a viscous altar of Jiyva.
 15421 | Lair:5   | Reached skill level 19 in Axes
 15607 | Lair:5   | Found the +3 giant club "Skullcrusher" {speed, Str+7}
 15623 | Lair:5   | Identified the +2 great mace of Destiny {holy, Fragile rF+
                  | Int+3 Dex+3}
 16105 | Orc:1    | Entered Level 1 of the Orcish Mines
 16134 | Orc:1    | Reached skill level 1 in Shields
 16144 | Orc:1    | Received a gift from Trog
 16401 | Orc:2    | Entered Level 2 of the Orcish Mines
 16817 | Orc:2    | Found a staircase to the Elven Halls.
 17003 | Orc:2    | Noticed Saint Roka
 17043 | Orc:2    | Killed Saint Roka
 17780 | Orc:2    | Received a gift from Trog
 17832 | Orc:2    | Found Vook's General Store.
 17860 | Orc:2    | Bought a scroll of identify for 36 gold pieces
 17860 | Orc:2    | Bought a scroll of identify for 36 gold pieces
 17880 | Orc:2    | Found Raezapne's Antique Weapon Shop.
 18048 | Orc:2    | Found Ofuhitt's Book Shop.
 18054 | Orc:2    | Bought a manual of Axes for 960 gold pieces
 18065 | Orc:2    | Found Vugoboho's Antique Armour Shop.
 18072 | Orc:2    | Bought a pair of glowing boots for 195 gold pieces
 18206 | D:10     | Found a portal to a secret trove of treasure.
 18446 | D:10     | Found Ubruefiy's Armour Boutique.
 18523 | D:10     | Found a bloodstained altar of Trog.
 18526 | D:10     | Found a burning altar of Makhleb.
 18529 | D:10     | Found a basalt altar of Yredelemnul.
 18529 | D:10     | Found an opulent altar of Gozag.
 18569 | D:10     | Found Igrusm's Jewellery Shop.
 18730 | D:11     | Found Xuucanaw's Assorted Antiques.
 18735 | D:11     | Reached skill level 5 in Shields
 18737 | D:11     | Reached XP level 15. HP: 137/138 MP: 14/14
 18855 | D:11     | Identified the +0 mace "Xyeveas" {freeze, Dex+2}
 18882 | D:11     | Bought a scroll of identify for 50 gold pieces
 19209 | D:11     | Noticed Harold
 19244 | D:11     | Killed Harold
 19557 | D:11     | Reached ****** piety under Trog
 19909 | D:11     | Noticed Fannar
 19930 | D:11     | Killed Fannar
 20264 | D:11     | Received a gift from Trog
 20273 | D:11     | Reached skill level 20 in Axes
 20562 | D:12     | Found Etiveel's Weapon Emporium.
 22328 | D:14     | Received a gift from Trog
 22383 | D:14     | Reached skill level 15 in Fighting
 22421 | D:14     | Found a gate to the Vaults.
 22661 | D:14     | Noticed a sphinx
 22674 | D:14     | Killed a sphinx
 23132 | D:14     | Identified the ring "Hylabamn" {rElec rN++ Will- Str-5
                  | Int+2 Dex+6}
 23266 | D:15     | Entered Level 15 of the Dungeon
 23537 | D:15     | Reached XP level 16. HP: 139/149 MP: 15/15
 23782 | D:15     | Found Westetz's Superior Scales.
 24517 | D:15     | Received a gift from Trog
 24556 | D:15     | Reached skill level 21 in Axes
 24560 | D:15     | Reached skill level 10 in Shields
 24560 | D:15     | Found a staircase to the Depths.
 24871 | Snake:1  | Entered Level 1 of the Snake Pit
 25777 | Snake:1  | Reached skill level 5 in Evocations
 26286 | Snake:1  | Identified the +11 trident of the Butterfly {drain, rElec
                  | rC+ rCorr Str+2}
 26680 | Snake:2  | Found Nefe's Jewellery Boutique.
 26764 | Snake:2  | Found Reanu's Weapon Boutique.
 26840 | Snake:2  | Found an ancient bone altar of Kikubaaqudgha.
 27497 | Snake:2  | Received a gift from Trog
 28609 | Snake:3  | Reached skill level 15 in Dodging
 29343 | Snake:4  | Entered Level 4 of the Snake Pit
 29506 | Snake:4  | Reached XP level 17. HP: 101/158 MP: 16/16
 29507 | Snake:4  | Reached skill level 22 in Axes
 31740 | Snake:4  | Received a gift from Trog
 31880 | Snake:4  | Got a serpentine rune of Zot
 32222 | Vaults:1 | Entered Level 1 of the Vaults
 32462 | Vaults:1 | Noticed Aizul
 32472 | Vaults:1 | Killed Aizul
 32979 | Vaults:1 | Reached skill level 23 in Axes
 33333 | D:10     | Bought the amulet of Vanity {Reflect Fly Int+3 SH+5} for
                  | 454 gold pieces
 33835 | Vaults:1 | Reached skill level 15 in Shields
 33835 | Vaults:1 | Reached XP level 18. HP: 168/168 MP: 17/17
 34051 | Vaults:2 | Reached XP level 19. HP: 157/177 MP: 18/18
 34062 | Vaults:2 | Received a gift from Trog
 34206 | Vaults:2 | HP: 4/253 [tengu reaver/bolt of lightning (39)]
 34208 | Vaults:2 | HP: 1/253 [tengu reaver/+0 long sword (4)]
 34717 | Vaults:2 | Found a staircase to the Crypt.
 34992 | Vaults:2 | Found Peokle's Weapon Shoppe.
 35582 | Vaults:2 | Found the ring of the Mage {Wiz Archmagi}
 35617 | Vaults:2 | Found a runed translucent gate.
 35617 | Vaults:2 | Found a runed translucent gate.
 35617 | Vaults:2 | Found a runed translucent gate.
 35618 | Vaults:2 | Noticed SirDiesAlot's ghost (adept OpIE)
 35637 | Vaults:2 | Killed SirDiesAlot's ghost
 35739 | Vaults:2 | Identified the orb of the Heron {*Rage, +Inv rF++ Will+
                  | Dex-5}
 35935 | Vaults:3 | Received a gift from Trog
 36119 | Vaults:3 | Noticed Zenata
 36166 | Vaults:3 | HP: 12/267 [+4 short sword of venom[Zenata] (4)]
 36167 | Vaults:3 | Mangled by Zenata

Illustrated notes

Levels and vault maps discovered:
D:1:      minmay_arrival_four_houses, layout_basic,
          dreamdust_ecumenical_altar_hidden_monk_grotto
D:2:      layout_loops_ring, serial_shops, nicolae_shop_bloodbath_and_beyond,
          nicolae_shop_back_alley_shop, nicolae_book_shop_shelving,
          nicolae_shop_real_fake_doors, basic_altar,
          nicolae_elevator_lobby_asterisk, uniq_jessica,
          uniq_crazy_yiuf_cottage, uniq_terence
D:3:      layout_basic, uniq_ijyb
D:4:      layout_basic, nicolae_ossuary_entry_false_entrances
D:5:      layout_cave_pools, nicolae_qazlal_style_of_elements,
          minmay_misc_feat_chi, uniq_menkaure, uniq_pikel
D:6:      minmay_clustersquares, layout_basic, lemuel_temple_firewalk_b,
          dreamdust_mushroom_princess
D:7:      layout_loops_ring, enter_bailey_5, kennysheep_generic_room_6,
          uniq_prince_ribbit1
D:8:      layout_rooms, marbit_many_paths, due_lair_maze_entry_diamond,
          serial_curves, eino_curves_02, eino_curves_01, eino_curves_02
D:9:      layout_roguey, ashenzari_conservatory_becter, erik_orc_2,
          kennysheep_island_fort
D:10:     layout_roguey, mainiacjoe_overflow_alcove_3, enter_trove_3,
          serial_shops, shop, nicolae_stop_n_shop_1, kennysheep_mini
D:11:     hangedman_what_comes_after_a, layout_small_grid, serial_shops, shop,
          uniq_fannar, uniq_harold
D:12:     layout_roguey, serial_shops, shop
D:13:     layout_irregular_city, minmay_misc_feat_alley
D:14:     cross_vault, layout_long_grid, grunt_vaults_entry_tiered,
          infiniplex_staircase_zigzag_4, unseen_surprise_small
D:15:     gammafunk_enter_depths_forms, layout_long_grid, nrook_campfire,
          minivault_16, hellmonk_scale_shop
Lair:1:   layout_gridlike, minivault_11, nicolae_lair_liquid_snakes
Lair:2:   beast_lair_carwin_large_4, layout_hall_layers, serial_bayou_pond_b,
          uniq_sonja
Lair:3:   layout_chaotic_city, elwin_shoals_entry_rocks,
          alex1729_snake_entry_snake
Lair:4:   layout_loops_ring, serial_bayou_shore_b, uniq_snorg
Lair:5:   grunt_lair_end_beastmaster, layout_regular_city,
          minmay_slime_entry_oklob_enclosed
Snake:1:  layout_layer_cave, nicolae_snake_snake_lake
Snake:2:  layout_grid_maze, serial_shops, shop, basic_altar, minmay_shop_star
Snake:3:  layout_chambers, serial_bayou_lake_a
Snake:4:  grunt_snake_rune_pools, layout_gridlike,
          nicolae_snake_slithery_hallway, grunt_megastairs_4,
          serial_bayou_shore_a
Orc:1:    layout_caves
Orc:2:    grunt_orc_cross, layout_diamond_mine
Vaults:1: ontoclasm_vaults_ring_small, nicolae_vaults_cornered_office,
          v_alt_pattern_2, nicolae_vaults_trapezoid_1, hangedman_vaults_nails,
          nicolae_vaults_little_squares_4, nicolae_vaults_variable_pillar_hall,
          ontoclasm_vaults_gateway, nicolae_vaults_storage_closets_3,
          layout_vaults_quadrants, uniq_aizul
Vaults:2: ebering_ghost_rock_garden, v_pattern_2, v_rooms_5,
          nicolae_vaults_specimen_jars, ontoclasm_vaults_ring_small,
          nicolae_vaults_angled_halls, minmay_crypt_entry_simple_walls,
          nicolae_vaults_storage_room_water, nicolae_vaults_apartment_2,
          nicolae_vaults_diffraction_hallways,
          vaults_standard_mumra_enter_the_diamond, vaults_room_fours,
          vaults_mumra_lcd, grunt_vaults_hallway_long, layout_vaults_omnicross,
          serial_shops, shop
Vaults:3: st_octagons_1, nicolae_vaults_little_squares_2, grunt_vaults_funnel,
          nicolae_vaults_ninety_degrees, v_misc_4, vaults_dpeg_cross,
          nicolae_vaults_closet_pinwheel_1, v_rooms_3, v_pattern_5,
          nicolae_vaults_trapezoid_4, hangedman_vaults_corner_blocks,
          layout_vaults_maze_bifur, uniq_zenata, uniq_sojobo

Skill      XL: |  1  2  3  4  5  6  7  8  9 10 11 12 13 14 15 16 17 18 19 |
---------------+----------------------------------------------------------+-----
Axes           | 4 5 6 7 8 9 11 13 14 16 17 18 19 20 21 23 | 23.9
Fighting       | 5 6 7 9 10 11 12 14 15 16 17 | 17.6
Armour         | 4 5 7 8 11 12 14 16 17 18 19 | 19.7
Dodging        | 4 6 7 9 10 12 13 14 15 16 | 16.4
Throwing       | 2 4 |  4.0
Evocations     | 2 4 6 |  6.0
Shields        | 5 9 12 15 17 | 17.1

Action                     |  1- 3 |  4- 6 |  7- 9 | 10-12 | 13-15 | 16-18 | 19-21 || total
---------------------------+-------+-------+-------+-------+-------+-------+-------++-------
  Melee: Hand axe          |    56 |    19 |    51 |   126 |       |       |       ||   252
         Headbutt          |    11 |    14 |    28 |    51 |   140 |   147 |    51 ||   442
         Trident           |       |   109 |   102 |     9 |     7 |       |       ||   227
         Punch             |       |       |     2 |     3 |     5 |       |       ||    10
         Broad axe         |       |       |       |   282 |   738 |   592 |   203 ||  1815
  Throw: Javelin           |       |       |     1 |       |       |       |       ||     1
         Boomerang         |       |       |       |    64 |     7 |       |       ||    71
 Invoke: Berserk           |     2 |     3 |     4 |     7 |     6 |     2 |     3 ||    27
         Brothers in Arms  |       |       |       |     1 |     3 |       |       ||     4
         Trog's Hand       |       |       |       |       |     3 |     1 |       ||     4
  Evoke: Wand              |       |       |       |    18 |     9 |     2 |       ||    29
    Use: Scroll            |       |    13 |       |     7 |    13 |     6 |     3 ||    42
         Potion            |       |       |       |       |     1 |     1 |     2 ||     4
   Stab: Invisible         |       |       |       |     1 |       |       |       ||     1
         Distracted        |       |       |       |       |     2 |       |       ||     2
 Armour: Animal skin       |    11 |       |       |       |       |       |       ||    11
         Ring mail         |    16 |    16 |       |       |       |       |       ||    32
         Leather armour    |     9 |       |       |       |       |       |       ||     9
         Scale mail        |       |    33 |    81 |   151 |       |       |       ||   265
         Chain mail        |       |       |       |   157 |   298 |   262 |       ||   717
         Plate armour      |       |       |       |       |   378 |   106 |   141 ||   625
  Dodge: Dodged            |    23 |    40 |    55 |   210 |   437 |   264 |    59 ||  1088
  Block: Other             |       |     7 |    17 |    70 |       |       |       ||    94
         Reflection        |       |       |     1 |     1 |     7 |    46 |    14 ||    69
         Kite shield       |       |       |       |       |    89 |   443 |       ||   532
         Tower shield      |       |       |       |       |       |   115 |   199 ||   314

Table legend: (Time is in decaauts)
 A = Elapsed time spent in this place.
 B = Non-inter-level travel time spent in this place.
 C = Inter-level travel time spent in this place.
 D = Time resting spent in this place.
 E = Time spent auto-exploring this place.
 F = Levels seen in this place.
 G = Mean time per level.
                   A        B        C        D        E       F      G
               +--------+--------+--------+--------+--------+-----+--------+
         Total |  36706 |  34580 |   2126 |   6614 |  16721 |  32 | 1147.1 |
       Dungeon |  16011 |  14548 |   1463 |   2178 |   8168 |  15 | 1067.4 |
          Lair |   6135 |   5797 |    338 |    737 |   3505 |   5 | 1227.0 |
     Snake Pit |   7263 |   7115 |    148 |   2026 |   2741 |   4 | 1815.8 |
  Orcish Mines |   2050 |   2011 |     39 |    494 |    559 |   2 | 1025.0 |
        Vaults |   3798 |   3661 |    137 |    841 |   1712 |   3 | 1266.0 |
         Abyss |    323 |    323 |      0 |    154 |      0 |   1 |  323.0 |
       Ossuary |    682 |    682 |      0 |    152 |      5 |   1 |  682.0 |
        Bailey |    441 |    441 |      0 |     30 |     29 |   1 |  441.0 |
               +--------+--------+--------+--------+--------+-----+--------+

Top non-repeatable levels by time:
 Snake:4: 2660 daAuts
Vaults:2: 1974 daAuts
 Snake:1: 1823 daAuts
 Snake:3: 1594 daAuts
    D:14: 1544 daAuts
  Lair:5: 1541 daAuts
Vaults:1: 1500 daAuts
     D:9: 1496 daAuts
   Orc:2: 1475 daAuts
    D:15: 1421 daAuts
     D:6: 1378 daAuts
    D:11: 1332 daAuts
  Lair:2: 1238 daAuts
  Lair:1: 1233 daAuts
     D:1: 1224 daAuts
